Map: Одиссея РВ

Players

ИИ 1 (эксперт) - Winner!

  • Race: Protoss Protoss
  • Spawn Location: 5:00

Doll

  • Race: Zerg Zerg
  • Spawn Location: 11:00

VOD

Have the link to the VOD?

Description

Time

  • Played on: Oct. 6, 2022, 12:04 p.m.
  • Length: 7:18
Show
View Real Time Build Order
Export as new Build Order

ИИ 1 (эксперт) Protoss - Winner!

Build Orders:  

Get SALT Encoding   

  12  0:00  Probe  
  13  0:13  Probe  
  14  0:20  Pylon  
  14  0:25  Probe  
  15  0:34  Probe  
  15  0:42  Probe  
  16  0:47  Assimilator  
  17  0:50  Gateway  
  17  0:52  Probe  
  18  1:00  Probe  
  18  1:01  Pylon  
  19  1:08  Probe  
  20  1:18  Probe  
  21  1:30  Probe  
  22  1:38  Zealot  
  22  1:39  Cybernetics Core  
  24  1:42  Probe  
  25  1:58  Nexus  
  25  1:59  Probe  
  25  2:07  Probe  
  26  2:09  Warp Gate  
  27  2:15  Probe  
  27  2:18  Stalker  
  30  2:27  Pylon  
  30  2:28  Probe  
  31  2:38  Gateway  
  31  2:41  Assimilator  
  31  2:45  Probe  
  31  2:47  Stalker  
  34  2:58  Pylon, Probe  
  35  3:09  Gateway  
  35  3:10  Probe  
  35  3:12  Stalker  
  38  3:22  Probe  
  39  3:28  Stalker  
  39  3:30  Probe  
  42  3:34  Probe  
  43  3:43  Probe, Stalker  
  43  3:46  Probe  
  47  3:55  Probe  
  48  3:58  Probe  
  49  4:04  Stalker  
  49  4:06  Stalker  
  49  4:07  Probe  
  54  4:10  Probe  
  54  4:12  Pylon  
  55  4:18  Pylon  
  55  4:19  Probe  
  55  4:22  Probe, Stalker  
  59  4:26  Stalker  
  59  4:30  Stalker  
  59  4:31  Probe  
  64  4:34  Probe  
  65  4:40  Pylon  
  65  4:43  Probe  
  66  4:46  Probe  
  66  4:47  Pylon  
  66  4:48  Stalker  
  66  4:52  Stalker  
  71  4:55  Probe  
  71  4:56  Stalker  
  71  4:59  Probe  
  75  5:05  Pylon  
  75  5:07  Probe  
  75  5:09  Probe  
  75  5:12  Stalker  
  79  5:15  Probe, Stalker  
  79  5:17  Probe  
  79  5:19  Stalker  
  85  5:23  Probe  
  85  5:25  Probe  
  86  5:31  Twilight Council  
  86  5:34  Pylon  
  86  5:35  Adept  
  89  5:39  Adept  
  89  5:42  Adept  
  93  5:53  Assimilator  
  93  5:55  Zealot  
  93  5:56  Pylon  
  95  5:58  Assimilator  
  95  5:59  Sentry  
  95  6:02  Zealot  
  99  6:18  Zealot  
  101  6:21  Templar Archives, Zealot  
  101  6:23  Zealot  
  105  6:29  Pylon, Nexus  
  105  6:35  Zealot  
  105  6:38  Zealot  
  99  6:43  Zealot  
  91  6:52  Adept  
  87  6:58  Zealot  
  89  7:03  Zealot  
  91  7:09  Forge  
  91  7:12  Zealot  
  91  7:13  Gateway  
  93  7:16  Robotics Facility  
Show
View Real Time Build Order
Export as new Build Order

Doll Zerg 

Build Orders: Hatch First 

Get SALT Encoding   

  12  0:01  Drone  
  13  0:09  Drone  
  14  0:16  Extractor  
  14  0:17  Drone  
  15  0:27  Overlord  
  15  0:45  Drone x3  
  18  0:58  Hatchery  
  18  1:00  Drone  
  18  1:03  Extractor  
  17  1:07  Drone  
  18  1:19  Spawning Pool  
  18  1:22  Drone  
  18  1:28  Drone  
  19  1:39  Overlord  
  19  1:50  Drone  
  20  2:06  Queen  
  20  2:07  Zergling x2  
  23  2:09  Queen  
  23  2:10  Zergling x2  
  23  2:12  Metabolic Boost  
  26  2:16  Drone  
  26  2:22  Drone  
  28  2:23  Drone  
  29  2:35  Drone, Roach Warren  
  29  2:44  Spine Crawler  
  28  2:45  Drone  
  28  2:48  Drone  
  28  2:50  Drone  
  31  2:57  Drone  
  31  2:58  Drone  
  33  3:05  Lair  
  33  3:08  Zergling x2  
  33  3:10  Zergling x2  
  35  3:15  Overlord  
  35  3:18  Drone  
  36  3:34  Zergling x2  
  36  3:35  Zergling x2  
  36  3:38  Drone, Hatchery  
  39  3:41  Drone  
  39  3:42  Drone  
  39  3:46  Overlord  
  40  3:53  Extractor  
  40  3:54  Drone  
  40  3:55  Drone  
  41  3:56  Drone x2  
  41  3:59  Drone  
  44  4:06  Roach  
  46  4:14  Roach  
  46  4:15  Glial Reconstitution  
  46  4:16  Roach  
  52  4:17  Roach  
  52  4:18  Overlord  
  52  4:27  Pneumatized Carapace  
  52  4:31  Overlord  
  52  4:37  Drone  
  54  4:38  Roach, Drone  
  54  4:41  Roach  
  54  4:44  Roach  
  60  4:45  Overlord  
  60  4:51  Roach x2  
  64  4:54  Roach  
  64  4:59  Roach  
  68  5:03  Roach  
  70  5:10  Extractor  
  70  5:13  Drone  
  70  5:14  Drone, Extractor  
  69  5:15  Overseer  
  69  5:16  Drone  
  69  5:17  Overlord, Drone  
  69  5:19  Overlord  
  69  5:21  Roach  
  74  5:22  Roach  
  74  5:27  Roach  
  78  5:30  Drone x2  
  84  5:35  Roach x2  
  84  5:39  Roach  
  84  5:41  Queen  
  88  5:43  Roach  
  88  5:47  Roach  
  94  5:50  Roach  
  94  5:52  Roach  
  94  5:55  Drone  
  94  5:56  Drone  
  98  6:00  Overlord  
  98  6:02  Overseer  
  98  6:04  Overseer  
  98  6:11  Overlord  
  98  6:12  Overlord  
  98  6:18  Baneling Nest  
  97  6:19  Drone x2  
  97  6:24  Drone x3  
  97  6:25  Drone  
  103  6:27  Drone  
  103  6:32  Drone x2  
  104  6:39  Spine Crawler  
  91  6:40  Drone, Spine Crawler  
  91  6:41  Drone  
  91  6:43  Drone  
  91  6:44  Drone  
  91  6:46  Drone  
  81  6:48  Drone  
  81  6:49  Drone  
  81  6:53  Drone x2  
Tags
 
Add a new tag
Caveats
  • Supply blocks, unpowered buildings, or Contaminate may cause inaccurate times.
  • Supply counts are checked every 10 seconds.